 Dungeon Crawl Stone Soup version 0.21.1-1-g345015f (webtiles) character file.

57636 Mirai the Thaumaturge (level 14, -9/84 HPs)
             Began as a Deep Elf Conjurer on Mar 17, 2018.
             Was a High Priest of Vehumet.
             Mangled by a harpy (10 damage)
             ... on level 1 of the Shoals.
             The game lasted 01:49:06 (21504 turns).

Mirai the Thaumaturge (Deep Elf Conjurer)          Turns: 21504, Time: 01:49:07

Health: -9/84      AC: 14    Str:  6    XL:     14   Next: 46%
Magic:  3/43       EV: 17    Int: 27    God:    Vehumet [*****.]
Gold:   680        SH:  5    Dex: 15    Spells: 10/42 levels left

rFire    . . .     SeeInvis +   X - staff of conjuration
rCold    . . .     Gourm    .   w - +0 buckler
rNeg     . . .     Faith    .   B - +1 leather armour {MR+}
rPois    .         Spirit   .   q - +1 helmet
rElec    .         Reflect  .   h - scarf {cloud immunity}
rCorr    .         Harm     .   U - +0 pair of gloves
MR       ++...                  g - +2 pair of boots
Stlth    ++........             u - amulet of regeneration
HPRegen  0.64/turn              m - +3 ring of protection
MPRegen  0.28/turn              x - ring of magical power

@: lethally poisoned (-9 -> -63)
A: see invisible, clever 1
a: Renounce Religion


You were on level 1 of the Shoals.
You worshipped Vehumet.
Vehumet was extremely pleased with you.
You were not hungry.

You visited 5 branches of the dungeon, and saw 21 of its levels.

You collected 1945 gold pieces.
You spent 1265 gold pieces at shops.

Inventory:

Hand Weapons
 a - the +5 rapier "Jiur" {pain, Int+4 Dex+2}
   (You found it on level 9 of the Dungeon)

   In the hands of one skilled in necromantic magic, it inflicts extra damage on
   living creatures.
   It affects your intelligence (+4).
   It affects your dexterity (+2).
Armour
 g - a +2 pair of boots (worn)
 h - a scarf of cloud immunity (worn)
 q - a +1 helmet (worn)
 w - a +0 buckler (worn)
 B - a +1 leather armour of magic resistance (worn)
 U - a +0 pair of gloves (worn)
Magical Staves
 X - an uncursed staff of conjuration (weapon)
Jewellery
 m - a +3 ring of protection (left hand)
 u - an amulet of regeneration (around neck)
 x - a ring of magical power (right hand)
 y - an uncursed ring of resist corrosion
Wands
 f - a wand of paralysis (26)
 t - a wand of flame (6)
 D - a wand of polymorph (35)
 F - a wand of enslavement (12)
 J - a wand of digging (28)
 N - a wand of random effects (54)
 Q - a wand of iceblast (4)
Scrolls
 d - 15 scrolls of remove curse
 i - 13 scrolls of identify
 n - 3 scrolls of immolation
 p - 6 scrolls of teleportation
 r - a scroll of enchant weapon
 P - 2 scrolls of fog
 R - a scroll of blinking
 T - a scroll of fear
 V - a scroll of amnesia
Potions
 e - a potion of invisibility
 k - a potion of resistance
 l - 3 potions of heal wounds
 o - 2 potions of ambrosia
 s - 2 potions of brilliance
 v - 4 potions of might
 E - 4 potions of mutation
 H - 4 potions of curing
 I - a potion of lignification
 K - a potion of flight
 S - a potion of cancellation
 Y - a potion of agility
 Z - a potion of berserk rage
Books
 b - a book of Conjurations

   Spells                             Type                      Level
   a - Magic Dart                     Conjuration                  1
   b - Searing Ray                    Conjuration                  2
   c - Dazzling Spray                 Conjuration/Hexes            3
   d - Fulminant Prism                Conjuration/Hexes            4
   e - Force Lance                    Conjuration/Translocation    4
   f - Iskenderun's Mystic Blast      Conjuration                  4
 j - a book of Clouds

   Spells                             Type                      Level
   a - Poisonous Vapours              Poison/Air                   2
   b - Mephitic Cloud                 Conjuration/Poison/Air       3
   c - Conjure Flame                  Conjuration/Fire             3
   d - Freezing Cloud                 Conjuration/Ice/Air          6
   e - Ring of Flames                 Charms/Fire                  7
 z - a book of Enchantments

   Spells                             Type                      Level
   a - Cause Fear                     Hexes                        4
   b - Yara's Violent Unravelling     Hexes/Transmutation          5
   c - Silence                        Hexes/Air                    5
   d - Deflect Missiles               Charms/Air                   6
   e - Discord                        Hexes                        8
 C - a book of Air

   Spells                             Type                      Level
   a - Shock                          Conjuration/Air              1
   b - Swiftness                      Charms/Air                   2
   c - Static Discharge               Conjuration/Air              3
   d - Airstrike                      Air                          4
   e - Lightning Bolt                 Conjuration/Air              5
 G - a book of Misfortune

   Spells                             Type                      Level
   a - Confusing Touch                Hexes                        1
   b - Confuse                        Hexes                        3
   c - Gell's Gravitas                Translocation                3
   d - Petrify                        Transmutation/Earth          4
   e - Metabolic Englaciation         Hexes/Ice                    5
   f - Yara's Violent Unravelling     Hexes/Transmutation          5
 O - a book of Debilitation

   Spells                             Type                      Level
   a - Corona                         Hexes                        1
   b - Slow                           Hexes                        2
   c - Inner Flame                    Hexes/Fire                   3
   d - Portal Projectile              Hexes/Translocation          3
   e - Cause Fear                     Hexes                        4
   f - Leda's Liquefaction            Hexes/Earth                  4
 W - a book of the Earth

   Spells                             Type                      Level
   a - Leda's Liquefaction            Hexes/Earth                  4
   b - Bolt of Magma                  Conjuration/Fire/Earth       5
   c - Statue Form                    Transmutation/Earth          6
   d - Iron Shot                      Conjuration/Earth            6
   e - Shatter                        Earth                        9
Miscellaneous
 L - a crystal ball of energy
 M - a phantom mirror
Comestibles
 c - 50 rations
 A - 7 chunks of flesh


   Skills:
 * Level 8.4 Fighting
 + Level 0.8 Staves
 - Level 7.0 Armour
 + Level 9.4 Dodging
 - Level 2.4 Stealth
 - Level 4.7 Shields
 + Level 14.8 Spellcasting
 + Level 12.8 Conjurations
 * Level 11.5 Hexes
 * Level 9.2 Fire Magic


You had 10 spell levels left.
You knew the following spells:

 Your Spells              Type           Power        Failure   Level  Hunger
a - Magic Dart            Conj           ####         0%          1    None
b - Searing Ray           Conj           ######       1%          2    None
c - Iskenderun's Mystic   Conj           #######.     1%          4    None
d - Fulminant Prism       Conj/Hex       #######...   1%          4    None
e - Flame Tongue          Conj/Fire      #####        1%          1    None
f - Conjure Flame         Conj/Fire      #######.     1%          3    None
g - Mephitic Cloud        Conj/Pois/Air  ######..     1%          3    None
h - Discord               Hex            ######....   91%         8    #######
i - Iron Shot             Conj/Erth      ######....   11%         6    ####...


Dungeon Overview and Level Annotations

Branches:
Dungeon (11/15)            Temple (1/1) D:5            Lair (6/6) D:10
 Shoals (1/4) Lair:2        Snake (0/4) Lair:2        Slime (0/5) Lair:6
    Orc (2/2) D:11            Elf (0/3) Orc:2

Altars:
Cheibriados
Hepliaklqana
Kikubaaqudgha
Nemelex Xobeh
Okawaru
Qazlal
Sif Muna
Vehumet
Xom
Yredelemnul
Zin
The Shining One
Beogh
Jiyva

Shops:
D:5 =   D:6 ?   Orc:2 :((*}   Shoals:1 ::

Annotations:
D:4 2 transporters
Lair:3 exclusion: oklob plant
Shoals:1 Solrac's ghost, journeyman MiFi


Innate Abilities, Weirdness & Mutations

You have supernaturally acute eyesight. (SInv)
Your mind is acute. (Int +2)


Message History

The harpy screeches!
The sea snake bites you.
* * * LOW HITPOINT WARNING * * *
You are lethally poisoned!
The sea snake poisons you! The harpy closely misses you. x2
The harpy barely misses you. The harpy claws you!
* * * LOW HITPOINT WARNING * * *
The sea snake barely misses you.
You feel much better.
* * * LOW HITPOINT WARNING * * *
You feel very sick.
The harpy screeches!
The harpy claws you!
* * * LOW HITPOINT WARNING * * *
The harpy claws you but does no damage. The harpy completely misses you.
The harpy claws you.
* * * LOW HITPOINT WARNING * * *
The harpy closely misses you. The harpy misses you.
You block the harpy's attack. The harpy claws you!
You die...

≈≈.....≈≈≈≈≈≈ ......≈≈≈≈≈≈
#.....≈≈≈≈≈≈ #......≈≈≈≈≈
#......≈≈≈≈≈ #.......≈≈≈≈
#.HS...≈≈≈≈≈
######.@WH.≈≈≈≈≈≈ ...≈≈
##........H.≈≈∩≈≈≈ ≈≈≈≈.
#.≈≈≈≈≈H....≈≈≈≈≈≈ ≈≈≈≈.#
##.≈≈≈≈≈≈≈...≈≈≈≈≈ ≈≈≈≈.##
##.≈≈.≈≈≈≈≈≈≈≈≈≈≈≈
≈≈≈≈≈.###.#.≈≈≈≈≈≈≈≈≈≈≈≈≈≈
≈≈≈≈≈.........≈≈≈≈≈≈≈≈≈≈≈≈
≈≈≈≈≈..#.§§.#.≈≈≈≈≈≈≈≈≈..≈
≈≈≈≈....≈≈≈≈...≈≈≈≈≈≈≈≈.


You could see a sea snake, 4 harpies and Solrac's ghost.

Vanquished Creatures
  Kirke (Lair:5)
  Snorg (Lair:5)
  Josephine (Lair:4)
  Erolcha (D:10)
  2 hydras (Lair:5)
  Erica (D:10)
  3 catoblepae (Lair:6)
  2 merfolk aquamancers (Shoals:1)
  5 death yaks (Lair:6)
  6 two-headed ogres
  An orc high priest (Orc:1)
  The ghost of Spoonicorn the Covert, a novice SpAs of Trog (D:9)
  An unseen horror (D:11)
  A lindwurm (Lair:3)
  5 orc sorcerers
  An ugly thing (D:11)
  A cyclops (Shoals:1)
  2 manticores (Lair:6)
  3 merfolk sirens
  A water nymph (Shoals:1)
  4 black mambas
  7 spiny frogs
  2 torpor snails (Lair:6)
  2 rime drakes
  4 komodo dragons
  An efreet (D:11)
  4 merfolk
  7 trolls
  Prince Ribbit (D:6)
  8 hippogriffs
  13 blink frogs
  6 dream sheep
  A spriggan (D:7)
  6 wraiths
  36 yaks
  7 water elementals (Shoals:1)
  5 hogs (Lair:5)
  5 wyverns
  A hungry ghost (D:9)
  Grum (D:11)
  A basilisk (Lair:1)
  12 water moccasins
  3 wargs
  4 nagas (Lair:2)
  7 porcupines
  21 orc warriors
  2 black bears (D:8)
  4 sky beasts
  8 ice beasts
  A phantom (D:8)
  10 ogres
  6 wolves
  4 centaurs
  7 crocodiles
  Blork the orc (D:6)
  2 big kobolds
  11 bullfrogs
  A gnoll sergeant (D:10)
  4 scorpions
  5 wights (D:7)
  10 electric eels
  The ghost of Mirai the Conjurer, a weakling DECj (D:3)
  5 crimson imps
  10 hounds
  22 orc priests
  2 centaur skeletons
  3 jellies
  A bullfrog skeleton (D:9)
  4 iguanas
  35 orc wizards
  4 worker ants
  A hound skeleton (D:11)
  Robin (D:2)
  15 gnolls
  A howler monkey skeleton (D:5)
  17 adders
  2 shadow imps
  An ooze (D:2)
  2 adder zombies
  7 worms
  7 leopard geckos
  75 orcs
  5 bats
  5 giant cockroaches
  8 hobgoblins
  14 jackals
  3 quokkas
  4 ball pythons
  6 frilled lizards
  15 goblins
  A jackal skeleton (D:4)
  18 kobolds
  A leopard gecko skeleton (D:4)
  A quokka skeleton (D:5)
  8 rats
  A fungus (Lair:6)
591 creatures vanquished.

Vanquished Creatures (others)
  A basilisk (Lair:6)
  An orc priest (Orc:2)
  57 fulminant prisms
  A fungus (Lair:6)
  5 plants (Lair:6)
65 creatures vanquished.

Grand Total: 656 creatures vanquished

Notes
Turn   | Place    | Note
-------+----------+-------------------------------------------
     0 | D:1      | Mirai the Deep Elf Conjurer began the quest for the Orb.
     0 | D:1      | Reached XP level 1. HP: 10/10 MP: 6/6
   233 | D:1      | Reached XP level 2. HP: 14/16 MP: 4/8
   820 | D:2      | Reached skill level 5 in Conjurations
   845 | D:2      | Reached XP level 3. HP: 20/20 MP: 7/9
   951 | D:2      | Reached skill level 1 in Fighting
  1065 | D:2      | Noticed Robin
  1178 | D:2      | Killed Robin
  1178 | D:2      | Reached XP level 4. HP: 20/25 MP: 0/11
  1352 | D:2      | Found a glowing silver altar of Zin.
  1387 | D:2      | Learned a level 2 spell: Searing Ray
  1392 | D:2      | Learned a level 4 spell: Iskenderun's Mystic Blast
  1781 | D:3      | Reached skill level 4 in Spellcasting
  1988 | D:3      | Noticed Mirai's ghost (weakling DECj)
  2018 | D:3      | Killed Mirai's ghost
  2018 | D:3      | Reached XP level 5. HP: 29/29 MP: 5/13
  2058 | D:3      | Found a shimmering altar of Xom.
  2547 | D:3      | Found a faded altar of an unknown god.
  2644 | D:3      | Reached skill level 1 in Shields
  2644 | D:3      | Reached XP level 6. HP: 35/35 MP: 10/15
  2652 | D:3      | Learned a level 4 spell: Fulminant Prism
  2811 | D:3      | Reached skill level 5 in Spellcasting
  2931 | D:4      | Found a transporter.
  3017 | D:4      | Reached skill level 1 in Hexes
  3193 | D:4      | Reached XP level 7. HP: 31/40 MP: 3/16
  3403 | D:4      | Found a transporter.
  3405 | D:4      | Noticed a fire bat
  3406 | D:4      | Noticed a fire bat
  3786 | D:5      | Entered Level 5 of the Dungeon
  3835 | D:5      | Found Xatz's Jewellery Boutique.
  3843 | D:5      | Bought an uncursed ring of magical power for 220 gold pieces
  4071 | D:5      | Reached skill level 5 in Dodging
  4071 | D:5      | Reached XP level 8. HP: 46/46 MP: 15/18
  4154 | D:5      | Found an ancient bone altar of Kikubaaqudgha.
  4230 | D:5      | Reached skill level 6 in Spellcasting
  4679 | D:5      | Found a staircase to the Ecumenical Temple.
  4686 | Temple   | Entered the Ecumenical Temple
  4692 | Temple   | Became a worshipper of Vehumet
  4844 | D:6      | Found Sepurute's Magic Scroll Shop.
  4845 | D:6      | Noticed Prince Ribbit
  4862 | D:6      | Killed Prince Ribbit
  5301 | D:6      | Found a basalt altar of Yredelemnul.
  5324 | D:6      | Got a bloodstained short sword
  5325 | D:6      | Identified the +4 short sword "Irynk" {pierce, Str+2} (You found it on level 6 of the Dungeon)
  5547 | D:6      | Noticed Blork the orc
  5555 | D:6      | Killed Blork the orc
  5555 | D:6      | Reached skill level 7 in Spellcasting
  5841 | D:6      | Found a sparkling altar of Nemelex Xobeh.
  6006 | D:7      | Noticed a two-headed ogre
  6027 | D:6      | Killed a two-headed ogre
  6027 | D:6      | Reached skill level 1 in Armour
  6027 | D:6      | Reached skill level 5 in Hexes
  6027 | D:6      | Reached XP level 9. HP: 14/52 MP: 13/22
  6328 | D:6      | Reached skill level 8 in Spellcasting
  6452 | D:7      | Reached * piety under Vehumet
  6452 | D:7      | Offered knowledge of Flame Tongue by Vehumet.
  6456 | D:7      | Learned a level 1 spell: Flame Tongue
  6483 | D:7      | Reached skill level 1 in Fire Magic
  6574 | D:7      | Found a deep blue altar of Sif Muna.
  6587 | D:7      | Found an iron altar of Okawaru.
  7107 | D:8      | Learned a level 3 spell: Conjure Flame
  7298 | D:8      | HP: 3/79 [orc priest/divine providence (10)]
  7393 | D:8      | Reached XP level 10. HP: 58/58 MP: 24/24
  7735 | D:8      | Offered knowledge of Throw Flame by Vehumet.
  7992 | D:9      | Reached ** piety under Vehumet
  8064 | D:9      | Reached skill level 5 in Fighting
  8064 | D:9      | Reached skill level 9 in Spellcasting
  8107 | D:9      | Noticed Spoonicorn's ghost (novice SpAs)
  8116 | D:9      | Killed Spoonicorn's ghost
  8140 | D:9      | Learned a level 3 spell: Mephitic Cloud
  8148 | D:9      | Got a twisted rapier
  8151 | D:9      | Identified the +5 rapier "Jiur" {pain, Int+4 Dex+2} (You found it on level 9 of the Dungeon)
  8251 | D:9      | Noticed a two-headed ogre
  8262 | D:9      | Killed a two-headed ogre
  8742 | D:10     | Entered Level 10 of the Dungeon
  8812 | D:10     | Offered knowledge of Static Discharge by Vehumet.
  8911 | D:10     | Reached skill level 10 in Spellcasting
  8991 | D:10     | Reached *** piety under Vehumet
  9003 | D:10     | Noticed a two-headed ogre
  9005 | D:10     | Noticed Erica
  9027 | D:10     | Killed a two-headed ogre
  9027 | D:10     | Reached XP level 11. HP: 25/64 MP: 25/27
  9043 | D:10     | Gained mutation: You expend magic power (3 MP) to strengthen your wands. [potion of mutation]
  9043 | D:10     | Gained mutation: Your spells are a little harder to cast, but a little more powerful. [potion of mutation]
  9043 | D:10     | Gained mutation: You evolve. [potion of mutation]
  9043 | D:10     | Gained mutation: You are agile. (Dex +2) [potion of mutation]
  9051 | D:10     | HP: 1/64 [something (4)]
  9058 | D:10     | Killed Erica
  9059 | D:10     | HP: 3/64 [poisoned by Erica (bolt of poison)]
  9190 | D:10     | Noticed Erolcha
  9230 | D:10     | Killed Erolcha
  9334 | D:10     | Noticed a two-headed ogre
  9347 | D:10     | Killed a two-headed ogre
  9509 | D:10     | Found a staircase to the Lair.
  9690 | D:10     | Offered knowledge of Airstrike by Vehumet.
  9903 | Lair:1   | Entered Level 1 of the Lair of Beasts
 10151 | Lair:1   | Reached skill level 5 in Fire Magic
 10207 | Lair:1   | Reached **** piety under Vehumet
 10266 | Lair:1   | Reached skill level 11 in Spellcasting
 10282 | Lair:1   | Reached skill level 10 in Conjurations
 10283 | Lair:1   | Lost mutation: You evolve. [potion of mutation]
 10283 | Lair:1   | Lost mutation: You expend magic power (3 MP) to strengthen your wands. [potion of mutation]
 10283 | Lair:1   | Lost mutation: Your spells are a little harder to cast, but a little more powerful. [potion of mutation]
 10283 | Lair:1   | Lost mutation: You are agile. (Dex +2) [potion of mutation]
 10283 | Lair:1   | Gained mutation: You have supernaturally acute eyesight. (SInv) [potion of mutation]
 10283 | Lair:1   | Gained mutation: Your mind is acute. (Int +2) [potion of mutation]
 10416 | Lair:1   | Offered knowledge of Irradiate by Vehumet.
 10711 | Lair:2   | Learned a level 8 spell: Discord
 10816 | Lair:2   | Reached skill level 5 in Armour
 10823 | Lair:2   | Found a staircase to the Snake Pit.
 10993 | Lair:2   | Found a staircase to the Shoals.
 11222 | Lair:2   | Reached XP level 12. HP: 71/71 MP: 29/29
 12209 | Lair:3   | Reached skill level 12 in Spellcasting
 13254 | Lair:4   | Noticed Josephine
 13260 | Lair:4   | Killed Josephine
 14061 | Lair:5   | Noticed a seven-headed hydra
 14068 | Lair:5   | Noticed Kirke
 14068 | Lair:5   | Killed a seven-headed hydra
 14078 | Lair:5   | Killed Kirke
 14145 | Lair:5   | Reached XP level 13. HP: 66/76 MP: 19/31
 14293 | Lair:5   | Noticed Snorg
 14319 | Lair:5   | Killed Snorg
 14319 | Lair:5   | Reached skill level 13 in Spellcasting
 15056 | Lair:6   | Entered Level 6 of the Lair of Beasts
 15226 | Lair:6   | Reached skill level 10 in Hexes
 15231 | Lair:6   | Reached ***** piety under Vehumet
 15477 | Lair:6   | Found a viscous altar of Jiyva.
 15478 | Lair:6   | Found a staircase to the Slime Pits.
 15718 | Lair:6   | Offered knowledge of Conjure Ball Lightning by Vehumet.
 17485 | D:11     | Found a staircase to the Orcish Mines.
 17493 | D:11     | Noticed Grum
 17493 | D:11     | Reached skill level 14 in Spellcasting
 17501 | D:11     | Found a basalt altar of Yredelemnul.
 17533 | D:11     | Killed Grum
 18022 | D:11     | Reached XP level 14. HP: 84/84 MP: 32/34
 18577 | Orc:1    | Entered Level 1 of the Orcish Mines
 18891 | Orc:1    | Found a roughly hewn altar of Beogh.
 19192 | Orc:1    | Found a roughly hewn altar of Beogh.
 19288 | Orc:2    | Entered Level 2 of the Orcish Mines
 19603 | Orc:1    | Offered knowledge of Poison Arrow by Vehumet.
 19834 | Orc:2    | Found a staircase to the Elven Halls.
 20070 | Orc:2    | Found Wugod's Weapon Boutique.
 20070 | Orc:2    | Found Kedeuv's Gadget Shop.
 20070 | Orc:2    | Found Uvup's Antique Weapon Boutique.
 20261 | Orc:2    | Found Sehos's Book Emporium.
 20401 | Orc:2    | Found Ingioc's Assorted Antiques.
 20449 | Orc:2    | Bought a glowing scarf for 200 gold pieces
 20967 | Shoals:1 | Entered Level 1 of the Shoals
 21088 | Shoals:1 | Found Rets's Book Shoppe.
 21105 | Shoals:1 | Bought a book of the Earth for 845 gold pieces
 21114 | Shoals:1 | Learned a level 6 spell: Iron Shot
 21487 | Shoals:1 | Found Eddas's Book Emporium.
 21491 | Shoals:1 | Noticed Solrac's ghost (journeyman MiFi)
 21504 | Shoals:1 | HP: 3/84 [harpy (16)]
 21504 | Shoals:1 | HP: 1/84 [harpy (2)]
 21504 | Shoals:1 | Mangled by a harpy

Skill      XL: |  1  2  3  4  5  6  7  8  9 10 11 12 13 14 |
---------------+-------------------------------------------+-----
Conjurations   | 5 6 7 8 9 10 11 12 | 12.8
Fighting       | 1 2 3 4 5 6 7 8 |  8.4
Spellcasting   | 4 5 7 8 10 11 12 14 | 14.8
Dodging        | 3 4 5 6 7 8 9 |  9.4
Shields        | 1 2 3 4 |  4.7
Hexes          | 2 3 5 6 7 8 9 10 11 | 11.5
Armour         | 1 2 4 5 6 7 |  7.0
Fire Magic     | 1 4 5 7 8 9 |  9.2
Staves         | |  0.8
Stealth        | |  2.4

Action                   |  1- 3 |  4- 6 |  7- 9 | 10-12 | 13-15 || total
-------------------------+-------+-------+-------+-------+-------++-------
Melee: Short sword       |     6 |   156 |   109 |    25 |       ||   296
       Mace              |     1 |       |       |       |       ||     1
       Rapier            |       |       |       |    97 |    49 ||   146
       Staff             |       |       |       |       |    35 ||    35
 Cast: Magic Dart        |    66 |    43 |    94 |    41 |    12 ||   256
       Searing Ray       |       |    27 |    27 |    75 |    35 ||   164
       Iskenderun's Myst |       |     5 |    33 |   152 |   336 ||   526
       Fulminant Prism   |       |       |     6 |    26 |    25 ||    57
       Flame Tongue      |       |       |     2 |       |       ||     2
       Mephitic Cloud    |       |       |       |     5 |     1 ||     6
Evoke: Wand              |       |       |     1 |     6 |     6 ||    13
  Use: Scroll            |       |     8 |     7 |     4 |     9 ||    28
       Potion            |       |       |     1 |    13 |     1 ||    15
 Stab: Distracted        |       |     1 |       |       |       ||     1
       Sleeping          |       |     2 |     1 |       |       ||     3
       Paralysed         |       |       |     2 |       |       ||     2
  Eat: Chunk             |     1 |     7 |    17 |    19 |    19 ||    63
       Ration            |       |       |       |     1 |     1 ||     2
Armor: Robe              |    12 |    63 |    21 |       |       ||    96
       Leather armour    |       |       |    42 |    89 |   116 ||   247
       Skin              |       |       |       |    14 |       ||    14
Dodge: Dodged            |    26 |   112 |   140 |   193 |   239 ||   710
Block: Buckler           |       |    27 |    51 |    84 |    92 ||   254
